 Dungeon Crawl Stone Soup version 0.27-a0-1308-gc08437e49b (webtiles) character file.

Game seed: 8914325098338805502

3 hunterBerkeley the Magician (level 1, 14/15 HPs)
             Began as a Djinni Summoner on June 19, 2021.
             Quit the game on level 1 of the Dungeon.
             The game lasted 00:02:35 (342 turns).

hunterBerkeley the Magician (Djinni Summoner)        Turns: 342, Time: 00:02:35

Health: 14/15      AC:  2    Str:  7    XL:     1   Next: 55%
Gold:   28         EV: 12    Int: 16    God:
                   SH:  0    Dex: 13

rFire    + + .     SeeInvis .   (no weapon)
rCold    x . .     Faith    .   (no shield)
rNeg     . . .     Spirit   .   a - +0 robe
rPois    ∞         Reflect  .   (no helmet)
rElec    .         Harm     .   (no cloak)
rCorr    .         Rampage  .   (no gloves)
Will     .....                  (boots unavailable)
Stlth    ++........             (no amulet)
HPRegen  0.05/turn              (no ring)
MPRegen  0.00/turn              (no ring)

@: flying
A: sickness immunity, fire resistance 2, cold vulnerability 1, float, innate
caster, hp casting, extra vitality 1
a: no special abilities


You were on level 1 of the Dungeon.
You visited 1 branch of the dungeon, and saw 1 of its levels.

You collected 28 gold pieces.

Inventory:

Armour
 a - a +0 robe (worn)
Scrolls
 b - a scroll of noise {unknown}
 d - 2 scrolls of enchant weapon {unknown}
Potions
 c - a potion of brilliance {unknown}


   Skills:
 + Level 2.2 Dodging
 + Level 1.5 Stealth
 + Level 3.4 Spellcasting


You couldn't memorise any spells.
You knew the following spells:

 Your Spells              Type           Power      Damage    Failure   Level
a - Summon Small Mammal   Summ           52%        N/A       4%          1
b - Call Imp              Summ           13%        N/A       7%          2
c - Call Canine Familiar  Summ           13%        N/A       13%         3
d - Summon Guardian Gole  Hex/Summ       13%        N/A       13%         3
e - Summon Lightning Spi  Summ/Air       13%        N/A       41%         4
f - Summon Ice Beast      Ice/Summ       13%        N/A       41%         4
Your spell library was empty.

Dungeon Overview and Level Annotations

Branches:
Dungeon (1/15)

Altars:


Innate Abilities, Weirdness & Mutations

You are immune to sickness and miasma.
You are immune to poison.
Your flesh is very heat resistant. (rF++)
You are vulnerable to cold. (rC-)
You float through the air rather than walking.
You learn spells naturally, not from books.
Your magical power is your life essence.
You have superior vitality. (+4 HP)


Message History

r - Retreat! s - Stop attacking. g - Guard the area. f - Follow me.
Anything else - Cancel.
Gang up on whom?
Press: ? - help, Dir - move target, f - giant cockroach
Aim: a giant cockroach (ally target) Attack!
Your bat hits the giant cockroach but does no damage.
Your quokka closely misses the giant cockroach.
Your bat hits the giant cockroach but does no damage.
Your bat misses the giant cockroach. Your bat hits the giant cockroach.
Your quokka bites the giant cockroach.
The giant cockroach closely misses your quokka.
Your bat hits the giant cockroach but does no damage.
Your bat barely misses the giant cockroach. x2
Your bat hits the giant cockroach but does no damage.
Your quokka barely misses the giant cockroach.
The giant cockroach barely misses your bat.
Your bat barely misses the giant cockroach.
Your bat hits the giant cockroach but does no damage.
Your bat barely misses the giant cockroach.
Your bat hits the giant cockroach.
Your bat barely misses the giant cockroach.
Your quokka bites the giant cockroach but does no damage.
The giant cockroach barely misses your bat.
Your quokka bites the giant cockroach.
The giant cockroach dies!
Found a scroll labelled VOMMUU VENUNK and a club.
You see here a giant cockroach corpse.
You swap places.
You swap places.
Unknown command.
d - 2 scrolls labelled VOMMUU VENUNK (gained 1)
You swap places.
Your bat disappears in a puff of smoke!
You swap places.
You swap places.
Your bat disappears in a puff of smoke!
Unknown command.
Are you sure you want to abandon this character and quit the game? (Confirm with "yes".)

#######
#.....#############
#.....#....##......
#......†......####.
#.@...#.##.##......
#.r...#.##.......#.
###.###.#####.##.#.
......). ....##.).
#.#..##.##
###...... #
#..##........###.#
...##. ...........
.#.#. .....###.#
.#. . ... #.#


You could see a friendly quokka (summoned).

Vanquished Creatures (collateral kills)
  A dart slug (D:1)
  An endoplasm (D:1)
  A giant cockroach (D:1)
  A goblin (D:1)
4 creatures vanquished.

Notes
Turn   | Place    | Note
-------+----------+-------------------------------------------
     0 | D:1      | hunterBerkeley the Djinni Summoner began the quest for the
                  | Orb.
     0 | D:1      | Reached XP level 1. HP: 15/15 MP: 0/0
   342 | D:1      | Quit the game

Illustrated notes

Levels and vault maps discovered:
D:1:      nzn_arrival_water_spiral, layout_loops_cross

Action                   || total
-------------------------++-------
 Cast: Summon Small Mamm ||     9
Dodge: Dodged            ||     1

Table legend: (Time is in decaauts)
 A = Elapsed time spent in this place.
 B = Non-inter-level travel time spent in this place.
 C = Inter-level travel time spent in this place.
 D = Time resting spent in this place.
 E = Time spent auto-exploring this place.
 F = Levels seen in this place.
 G = Mean time per level.
                   A        B        C        D        E       F      G
               +--------+--------+--------+--------+--------+-----+--------+
         Total |    342 |    338 |      4 |      0 |    242 |   1 |  342.0 |
       Dungeon |    342 |    338 |      4 |      0 |    242 |   1 |  342.0 |
               +--------+--------+--------+--------+--------+-----+--------+

Top non-repeatable levels by time:
     D:1: 342 daAuts
